Map: [ESL] Site Delta

Players

Bunny

  • Race: Terran Terran
  • League: Bronze
  • Spawn Location: 5:00

HeroMarine - Winner!

  • Race: Terran Terran
  • Spawn Location: 11:00

Event: IEM Katowice 2024

VOD

Have the link to the VOD?

Description

Time

  • Played on: Dec. 8, 2023, 12:22 p.m.
  • Length: 11:57

All games in this series

Show
View Real Time Build Order
Export as new Build Order

Bunny Terran 

Build Orders: Reaper Expand 

Get SALT Encoding   

  12  0:00  SCV  
  13  0:13  SCV  
  14  0:17  Supply Depot  
  14  0:25  SCV  
  15  0:38  SCV  
  15  0:40  Barracks  
  16  0:42  Refinery  
  16  0:50  SCV  
  17  1:02  SCV  
  18  1:14  SCV  
  19  1:27  Orbital Command, Reaper  
  20  1:47  Command Center  
  20  1:53  SCV  
  21  1:57  Supply Depot  
  21  1:59  Marine  
  22  2:05  SCV  
  23  2:09  Factory  
  23  2:18  Refinery  
  23  2:19  SCV  
  23  2:21  Barracks Reactor  
  24  2:31  SCV  
  25  2:43  SCV  
  26  2:53  Hellion  
  26  2:55  SCV  
  26  2:57  Marine  
  26  2:58  Marine  
  31  3:01  Orbital Command  
  30  3:07  Orbital Command, SCV  
  30  3:09  Starport  
  31  3:19  SCV  
  32  3:24  Cyclone  
  32  3:25  Cyclone  
  36  3:31  SCV  
  36  3:32  SCV  
  38  3:41  Supply Depot  
  38  3:44  SCV x2  
  38  3:46  Starport Tech Lab  
  40  3:56  Cyclone, SCV  
  40  3:57  Cyclone, SCV  
  40  4:02  Supply Depot  
  46  4:03  Refinery  
  46  4:04  Raven  
  46  4:08  SCV  
  46  4:09  SCV  
  50  4:14  Command Center  
  50  4:16  Interference Matrix  
  50  4:20  SCV, Supply Depot  
  50  4:22  SCV  
  52  4:31  Cyclone  
  52  4:32  Cyclone  
  52  4:37  SCV x2  
  58  4:50  SCV x2  
  59  4:55  Raven  
  59  4:56  Barracks Tech Lab  
  59  4:59  Supply Depot  
  61  5:02  SCV x2  
  61  5:04  Cyclone x2  
  67  5:13  Supply Depot  
  67  5:14  SCV x2, Marine  
  67  5:17  Stimpack  
  70  5:26  SCV  
  70  5:27  SCV  
  72  5:32  Refinery  
  72  5:33  Orbital Command  
  74  5:35  Raven  
  74  5:38  Barracks  
  74  5:39  SCV x2  
  74  5:40  Barracks  
  76  5:45  Engineering Bay  
  76  5:47  Engineering Bay  
  76  5:51  SCV, Marine  
  76  5:52  Factory Reactor, SCV  
  79  6:09  Barracks x2  
  77  6:11  Marine  
  77  6:12  Orbital Command  
  77  6:16  SCV x2  
  80  6:20  Starport Reactor  
  80  6:22  Terran Infantry Weapons Level 1  
  80  6:23  Terran Infantry Armor Level 1  
  80  6:27  Missile Turret, Marine x2  
  80  6:29  Marine  
  80  6:30  SCV x2  
  85  6:38  SCV  
  86  6:41  Siege Tank, Marine x2  
  86  6:42  SCV x2  
  86  6:46  Supply Depot x2  
  93  6:48  Marine x2  
  93  6:50  SCV  
  93  6:52  Marine  
  98  6:54  SCV x2  
  98  6:56  Medivac  
  98  6:57  Combat Shield  
  98  6:59  Barracks Reactor x2, Marine x2  
  101  7:07  Orbital Command, Marine x2  
  101  7:08  Medivac  
  105  7:09  Missile Turret  
  105  7:13  Siege Tank  
  100  7:17  Marine x3  
  82  7:23  SCV x2  
  82  7:25  Marine x2  
  82  7:26  Medivac  
  75  7:35  Marine x3  
  77  7:37  SCV x3  
  77  7:38  Medivac  
  77  7:39  Marine  
  77  7:40  Marine x3  
  77  7:43  Marine x2  
  87  7:45  Siege Tank  
  87  7:49  SCV x3  
  93  7:52  Marine  
  93  7:53  Supply Depot, Marine x2  
  93  7:57  Marine x3, Medivac  
  101  8:00  Marine  
  101  8:01  SCV x2, Marine  
  105  8:08  Marine, Medivac  
  105  8:10  Marine  
  109  8:17  Siege Tank  
  102  8:26  SCV  
  102  8:27  Medivac, SCV x2  
  90  8:30  Marine  
  90  8:31  Marine x8  
  97  8:47  SCV x3  
  99  8:48  Marine x2  
  99  8:49  Siege Tank, Marine x6  
  99  8:52  Marine  
  111  8:59  SCV x3  
  114  9:04  Medivac x2  
  114  9:06  Marine x5  
  114  9:07  Marine x2  
  125  9:11  Supply Depot  
  125  9:14  Marine  
  125  9:15  Supply Depot  
  126  9:19  Marine  
  126  9:21  Siege Tank  
  130  9:24  Marine  
  130  9:25  SCV x2  
  130  9:27  Supply Depot  
  133  9:32  SCV, Marine x2  
  133  9:36  Marine  
  133  9:37  Marine x5  
  142  9:42  Marine  
  139  9:50  Marine x2  
  140  9:54  Marine x6  
  140  9:59  Marine  
  144  10:07  Marine  
  144  10:08  Marine  
  144  10:09  SCV x3  
  144  10:11  Armory  
  144  10:12  Siege Tank, Supply Depot x2, Marine x5  
  157  10:26  Marine  
  157  10:27  Marine  
  149  10:30  Marine x7  
  135  10:43  Viking  
  135  10:44  Viking, Siege Tank, SCV, Marine  
  135  10:45  SCV x2, Marine  
  135  10:48  Marine x4  
  151  10:55  Marine  
  149  11:01  Marine x2  
  149  11:02  Marine x2  
  153  11:06  Marine  
  153  11:07  Supply Depot, Marine x3  
  153  11:08  Supply Depot  
  157  11:13  Marine  
  156  11:21  Marine  
  156  11:22  Marine x3  
  156  11:23  Marine  
  156  11:25  Marine  
  143  11:27  Medivac  
  122  11:36  Marine  
Show
View Real Time Build Order
Export as new Build Order

HeroMarine Terran - Winner!

Build Orders: Cyclone Opening 

Get SALT Encoding   

  12  0:00  SCV  
  13  0:12  SCV  
  14  0:17  Supply Depot  
  14  0:24  SCV  
  15  0:39  Barracks, SCV  
  15  0:42  Refinery  
  16  0:51  SCV  
  16  0:52  Refinery  
  17  1:03  SCV  
  18  1:15  SCV  
  19  1:26  Reaper  
  19  1:27  Orbital Command  
  19  1:32  Supply Depot  
  20  1:43  Factory  
  20  1:52  SCV  
  21  1:58  Reaper  
  22  2:04  SCV  
  23  2:18  SCV  
  23  2:20  Command Center  
  24  2:27  Cyclone  
  26  2:30  SCV  
  26  2:32  Barracks Reactor  
  27  2:37  Supply Depot  
  27  2:42  SCV  
  28  2:52  Starport  
  28  2:54  SCV  
  29  3:03  Cyclone  
  30  3:06  SCV  
  30  3:11  Marine x2  
  33  3:18  SCV  
  34  3:21  Refinery  
  34  3:28  Medivac  
  34  3:31  SCV  
  34  3:34  Orbital Command  
  37  3:43  SCV  
  37  3:47  Cyclone, Barracks Tech Lab  
  40  3:48  Cyclone  
  40  3:55  SCV  
  43  4:00  SCV  
  44  4:07  SCV  
  44  4:08  Raven  
  44  4:09  Interference Matrix  
  47  4:10  Supply Depot  
  47  4:12  SCV  
  48  4:19  Cyclone, SCV  
  48  4:20  Cyclone  
  53  4:24  SCV  
  53  4:25  Barracks Tech Lab  
  54  4:31  SCV  
  54  4:36  SCV  
  56  4:42  Raven  
  56  4:43  SCV  
  59  4:48  SCV  
  59  4:52  Command Center  
  57  4:54  Cyclone  
  57  4:55  Cyclone, SCV  
  62  5:03  Supply Depot  
  62  5:06  SCV  
  63  5:08  SCV  
  63  5:10  Marine  
  63  5:11  Stimpack  
  65  5:14  Refinery  
  65  5:18  SCV  
  65  5:20  SCV  
  67  5:23  Raven  
  67  5:28  Marine  
  69  5:30  SCV  
  69  5:32  SCV  
  72  5:36  Barracks  
  72  5:40  Barracks  
  72  5:43  SCV  
  72  5:44  SCV  
  72  5:45  Factory Reactor, Engineering Bay  
  72  5:46  Marine  
  72  5:47  Engineering Bay  
  75  5:55  SCV  
  75  5:56  SCV  
  77  6:04  Marine  
  77  6:05  Barracks  
  77  6:06  Barracks  
  77  6:07  SCV  
  77  6:08  Starport Reactor, SCV  
  80  6:15  Orbital Command  
  80  6:16  Terran Infantry Weapons Level 1, Terran Infantry Armor Level 1  
  80  6:21  Marine, SCV  
  80  6:22  SCV, Supply Depot  
  82  6:33  SCV, Marine x2  
  82  6:34  Siege Tank  
  82  6:35  Marine x2  
  82  6:36  SCV  
  82  6:39  Marine  
  91  6:40  Orbital Command  
  91  6:45  SCV, Medivac x2  
  91  6:46  Supply Depot  
  97  6:48  SCV  
  97  6:50  Combat Shield  
  98  6:54  Barracks Reactor  
  98  6:55  Barracks Reactor, Supply Depot  
  98  6:57  SCV  
  98  7:00  SCV  
  100  7:03  Marine  
  100  7:05  Supply Depot  
  100  7:08  Supply Depot, Marine x3, SCV  
  105  7:10  SCV  
  105  7:12  SCV  
  101  7:18  Marine  
  101  7:20  Marine, SCV  
  101  7:22  SCV  
  100  7:24  SCV  
  100  7:25  Marine  
  96  7:32  SCV  
  96  7:34  SCV  
  96  7:35  Marine x5  
  96  7:36  Siege Tank, Medivac x2, Marine x2, SCV  
  109  7:38  Marine  
  109  7:43  Marine  
  111  7:46  Armory, Supply Depot  
  111  7:51  Refinery x2  
  113  7:53  Marine x6  
  113  7:54  Marine  
  113  7:56  Sensor Tower, Marine  
  119  8:01  Marine  
  120  8:07  Command Center, Supply Depot  
  120  8:11  Factory, Medivac  
  122  8:15  Marine x6, Medivac  
  122  8:16  Marine x2  
  132  8:23  Marine  
  126  8:32  Siege Tank  
  126  8:33  Marine x6  
  127  8:34  Marine  
  127  8:37  Supply Depot  
  127  8:38  Supply Depot  
  127  8:40  Marine  
  126  8:47  Medivac x2  
  127  8:51  Barracks, Marine  
  127  8:52  Barracks  
  127  8:53  Barracks, SCV  
  127  8:54  SCV x2  
  131  8:56  Barracks Reactor  
  131  9:05  SCV  
  131  9:06  SCV x2  
  134  9:12  Terran Infantry Weapons Level 2, Terran Infantry Armor Level 2  
  134  9:13  Terran Vehicle Weapons Level 1  
  134  9:14  Siege Tank  
  137  9:17  Viking  
  137  9:18  Viking, SCV  
  137  9:19  Marine x5  
  137  9:20  Marine, Supply Depot  
  148  9:24  SCV x2  
  148  9:27  Planetary Fortress  
  148  9:28  Marine x2  
  152  9:32  Marine x2  
  152  9:37  Marine  
  153  9:40  Marine  
  153  9:41  Marine x2  
  153  9:42  Barracks Reactor x3  
  153  9:43  Marine x2  
  153  9:44  Siege Tank  
  161  9:45  Marine  
  161  9:50  Viking, Command Center, Supply Depot  
  163  9:56  Viking  
  164  10:04  Marine x10  
  164  10:06  Siege Tank  
  167  10:16  Siege Tank  
  170  10:22  Marine x12  
  170  10:28  Marine x3  
  176  10:31  Marine  
  151  10:38  Siege Tank  
  151  10:40  Viking x2, Marine x7  
  151  10:41  Marine x5  
  170  10:45  Marine  
  170  10:46  Marine x2  
  170  10:48  Marine  
  174  10:53  Siege Tank  
  177  10:57  Marine x2  
  177  10:58  Marine x2  
  181  11:07  Marine  
  181  11:09  Marine x10  
  181  11:10  Siege Tank  
  195  11:13  Marine  
  195  11:15  Marine x3  
  199  11:19  Marine  
  199  11:25  Marine  
  177  11:27  Marine x3  
  160  11:34  Marine  
  160  11:37  Marine x5  

Tags
 
Add a new tag
Caveats
  • Supply blocks, unpowered buildings, or Contaminate may cause inaccurate times.
  • Supply counts are checked every 10 seconds.